 Dungeon Crawl Stone Soup version 0.28-a0-1387-g3a22ab9bdc (webtiles) character file.

Game seed: 14106125981604723885

5113 ReploidZero the Fighter (level 10, -7/139 HPs)
             Began as a Hill Orc Monk on Jan 3, 2022.
             Mangled by an orc warrior (11 damage)
             ... on level 9 of the Dungeon.
             The game lasted 00:23:25 (7635 turns).

ReploidZero the Fighter (Hill Orc Monk)             Turns: 7635, Time: 00:23:26

Health: -7/139     AC: 25    Str: 19    XL:     10   Next: 58%
Magic:  10/10      EV:  2    Int: 10    God:
Gold:   376        SH:  5    Dex: 19    Spells: 9/9 levels left

rFire   . . .      SeeInvis .   k - +11 mace of Inconvenience {distort, Drain rElec rCorr}
rCold   + . .      Faith    .   (no shield)
rNeg    . . .      Spirit   .   (armour currently unavailable)
rPois   +          Reflect  +   (helmet currently unavailable)
rElec   +          Harm     .   (cloak currently unavailable)
rCorr   +          Rampage  .   (gloves currently unavailable)
Will    .....      NoTele   +   (boots currently unavailable)
Stlth   ++........              e - amulet of reflection
HPRegen 0.33/turn               h - ring of protection from cold
MPRegen 0.12/turn               q - +6 ring of dexterity

@: mighty, tree-form, on berserk cooldown, slowed, very slow
A: stationary, stasis, torment immunity, boosted hp
a: no special abilities


You were on level 9 of the Dungeon.
You were a tree.
You visited 1 branch of the dungeon, and saw 9 of its levels.

You collected 460 gold pieces.
You spent 84 gold pieces at shops.

Inventory:

Hand Weapons
 k - the +11 mace of Inconvenience (weapon) {distort, Drain rElec rCorr}
   (You found it on level 3 of the Dungeon)

   It warps and distorts space around it, and may blink, banish, or inflict
   extra damage upon those it strikes.
   Unwielding it can cause banishment or high damage.
   rElec:     It insulates you from electricity.
   rCorr:     It protects you from acid and corrosion.
   Drain:     It drains your maximum health when unequipped.
Missiles
 j - 18 poisoned darts (quivered)
 x - 5 throwing nets
Armour
 c - a +0 pair of gloves (melded)
 m - a +0 troll leather armour (melded)
Jewellery
 e - an amulet of reflection (around neck)
 h - a ring of protection from cold (left branch)
 q - a +6 ring of dexterity (right branch)
 r - a ring of protection from fire
 s - a ring of protection from cold
Wands
 y - a wand of iceblast (3)
Scrolls
 a - 2 scrolls of fog
 d - a scroll of enchant weapon
 f - 7 scrolls of identify
 g - a scroll of amnesia
 n - a scroll of teleportation
Potions
 b - a potion of curing
 i - a potion of brilliance
 l - 2 potions of mutation
 o - 2 potions of resistance
 p - a potion of lignification
 t - a potion of might
 w - a potion of attraction {unknown}


   Skills:
 + Level 10.0 Fighting
 - Level 6.2(8.7) Axes
 + Level 8.0(8.7) Maces & Flails
 + Level 7.8 Armour
 + Level 6.7 Dodging
 - Level 1.5 Stealth


You had 9 spell levels left.
You didn't know any spells.
Your spell library contained the following spells:

 Spells                   Type           Power      Damage    Failure   Level
 Sublimation of Blood     Necr           0%         N/A       50%         2
 Wereblood                Tmut           0%         N/A       50%         2
 Summon Hydra             Summ           0%         N/A       100%        7


Dungeon Overview and Level Annotations

Branches:
Dungeon (9/15)             Temple (0/1) D:4
   Lair: D:8-11         Orc: D:9-12

Altars:
Ashenzari
Dithmenos
Elyvilon
Hepliaklqana
Kikubaaqudgha
Uskayaw
Xom

Shops:
D:1 =   D:3 *   D:6 ?

Annotations:
D:5 2 transporters, gimp's ghost, novice OpWn
Abyss:1 Prince Ribbit


Message History

You completely miss the centaur.
The centaur is moderately wounded.
The yak gores you!
* * * LOW HITPOINT WARNING * * *
The orc hits you but does no damage. You block the yak's attack.
The centaur hits you but does no damage.
The centaur kicks you but does no damage.
The orc hits you but does no damage. The yak gores you but does no damage.
You barely miss the centaur.
The centaur is moderately wounded.
The orc warrior hits you but does no damage.
The orc hits you with a +0 dagger.
* * * LOW HITPOINT WARNING * * *
The centaur hits you but does no damage.
The centaur kicks you but does no damage.
You sock the centaur!
The centaur is almost dead.
The orc hits you but does no damage. The yak gores you.
* * * LOW HITPOINT WARNING * * *
The yak barely misses you. The yak gores you but does no damage.
The orc hits you but does no damage.
The orc warrior hits you but does no damage.
You hit the centaur.
You kill the centaur!
You are no longer berserk.
You are exhausted.
You feel yourself slow down. You block the orc's attack.
The yak gores you but does no damage. The orc hits you but does no damage.
The yak gores you.
* * * LOW HITPOINT WARNING * * *
Your Maces & Flails skill increases to level 8!
You feel very mighty all of a sudden. The yak gores you but does no damage.
The orc hits you but does no damage.
The orc warrior hits you but does no damage.
The orc hits you but does no damage. x2; The yak gores you!
* * * LOW HITPOINT WARNING * * *
The orc barely misses you. You block the yak's attack.
The yak gores you but does no damage. The orc hits you but does no damage.
The orc warrior hits you from afar with a +0 halberd!
You die...

#.....# #..# .
#....)# #..#
#.....# #..#
#######.....#
#..#
.........<..#
............#
........o...####
......)oo.......
..(...o♣o........
.###..YYY........
#...######...#
#... ...# #...
.(. .... .....
######


You could see 3 yaks, an orc warrior and 4 orcs.

Vanquished Creatures
  Harold (D:8)
  Psyche (D:8)
  A hornet (D:8)
  3 yaks (D:9)
  A wraith (D:7)
  Edmund (D:6)
  A water moccasin (D:7)
  An ice beast (D:6)
  A sky beast (D:7)
  An ogre (D:4)
  An orc warrior (D:8)
  2 necrophages (D:6)
  3 centaurs
  A phantom (D:4)
  A kobold brigand (D:6)
  2 bullfrogs (D:8)
  2 wyvern zombies
  4 scorpions
  A howler monkey (D:8)
  A bullfrog zombie (D:5)
  A centaur zombie (D:8)
  4 hounds
  A jelly (D:6)
  2 bullfrog skeletons
  A centaur skeleton (D:4)
  An orc priest (D:8)
  Jessica (D:3)
  3 iguanas
  4 orc wizards
  A scorpion zombie (D:4)
  2 killer bee zombies
  2 howler monkey zombies
  Robin (D:4)
  4 gnolls (D:7)
  A howler monkey skeleton (D:7)
  2 adders (D:2)
  2 white imps (D:6)
  A worm (D:2)
  2 adder skeletons
  2 dart slugs
  28 orcs
  10 ball pythons
  9 endoplasms
  A giant cockroach (D:4)
  14 goblins
  9 hobgoblins
  16 kobolds
  4 quokkas
  6 bats
  7 frilled lizards
  2 rats
174 creatures vanquished.

Vanquished Creatures (collateral kills)
  An orc warrior (D:8)
1 creature vanquished.

Vanquished Creatures (others)
  A howler monkey (D:8)
  10 plants (D:6)
11 creatures vanquished.

Grand Total: 186 creatures vanquished

Notes
Turn   | Place    | Note
-------+----------+-------------------------------------------
     0 | D:1      | ReploidZero the Hill Orc Monk began the quest for the Orb.
     0 | D:1      | Reached XP level 1. HP: 19/19 MP: 1/1
   258 | D:1      | Reached XP level 2. HP: 26/27 MP: 2/2
   543 | D:1      | Found Atu Heud's Jewellery Shop.
   685 | D:1      | Reached skill level 4 in Fighting
  1184 | D:1      | Reached XP level 3. HP: 32/33 MP: 3/3
  1639 | D:2      | Found a faded altar of an unknown god.
  1932 | D:2      | Reached skill level 5 in Axes
  2331 | D:2      | Reached XP level 4. HP: 31/41 MP: 4/4
  2473 | D:2      | Found a white marble altar of Elyvilon.
  2926 | D:3      | Noticed Jessica
  2935 | D:3      | Killed Jessica
  2947 | D:3      | Identified the +11 mace of Inconvenience {distort, Drain
                  | rElec rCorr}
  3056 | D:3      | Found a shimmering altar of Xom.
  3206 | D:3      | Found Zacu's Assorted Antiques.
  3288 | D:3      | Reached skill level 5 in Fighting
  3393 | D:4      | Reached XP level 5. HP: 48/48 MP: 5/5
  3456 | D:4      | Noticed Robin
  3477 | D:4      | Killed Robin
  3478 | D:4      | Reached skill level 1 in Maces & Flails
  3507 | D:4      | Noticed a phantom
  3515 | D:4      | Killed a phantom
  3516 | D:4      | Reached skill level 1 in Armour
  3516 | D:4      | Reached XP level 6. HP: 53/56 MP: 6/6
  3813 | D:4      | Found a hazy altar of Hepliaklqana.
  3885 | D:4      | Found a staircase to the Ecumenical Temple.
  3964 | D:4      | Reached XP level 7. HP: 53/62 MP: 7/7
  4144 | D:5      | Entered Level 5 of the Dungeon
  4165 | D:5      | Reached skill level 6 in Fighting
  4175 | D:5      | Found a transporter.
  4175 | D:5      | Noticed gimp's ghost (novice OpWn)
  4295 | D:5      | Found a transporter.
  4888 | D:6      | Reached XP level 8. HP: 71/71 MP: 8/8
  4892 | D:6      | Found Aclooj's Magic Scroll Shoppe.
  4898 | D:6      | Bought a scroll of identify for 28 gold pieces
  4898 | D:6      | Bought a scroll of fog for 28 gold pieces
  4898 | D:6      | Bought a scroll of fog for 28 gold pieces
  4985 | D:6      | Noticed an eight-headed hydra
  5000 | D:6      | Banished an eight-headed hydra
  5001 | D:6      | Reached skill level 7 in Fighting
  5001 | D:6      | Reached skill level 5 in Maces & Flails
  5343 | D:6      | Reached skill level 5 in Armour
  5344 | D:6      | Reached skill level 5 in Dodging
  5350 | D:6      | Reached XP level 9. HP: 81/81 MP: 9/9
  5484 | D:6      | Reached skill level 8 in Fighting
  5493 | D:6      | Noticed Edmund
  5507 | D:6      | Killed Edmund
  5708 | D:6      | Noticed Prince Ribbit
  5719 | D:6      | Banished Prince Ribbit
  6614 | D:8      | Noticed a hornet
  6619 | D:8      | Paralysed by a hornet for 2 turns
  6625 | D:8      | Killed a hornet
  6626 | D:8      | Reached skill level 9 in Fighting
  6673 | D:8      | Reached XP level 10. HP: 54/91 MP: 10/10
  6691 | D:8      | Noticed Harold
  6706 | D:8      | Killed Harold
  6755 | D:8      | Found a hide-covered altar of Uskayaw.
  7068 | D:8      | Noticed Psyche
  7089 | D:8      | Killed Psyche
  7267 | D:8      | Found an ancient bone altar of Kikubaaqudgha.
  7271 | D:8      | Found a broken altar of Ashenzari.
  7272 | D:8      | Found a shadowy altar of Dithmenos.
  7631 | D:9      | Reached skill level 10 in Fighting
  7635 | D:9      | HP: 4/139 [yak (9)]
  7635 | D:9      | Mangled by an orc warrior

Illustrated notes

Levels and vault maps discovered:
D:1:      eino_arrival_druids_welcome, layout_loops_cross,
          serial_co_window_serial, co_window_corner_a, co_window_paths_b,
          co_window_corner_a, co_window_paths_a, co_window_of_opportunity_a,
          co_window_of_opportunity_a, co_window_of_opportunity_b,
          co_window_broadway_c, co_window_2corner, co_window_unsneaky_path_c,
          co_window_4corner_b, co_window_paths_e, glass_columns_a,
          glass_columns_a, serial_shops, nicolae_square_shop
D:2:      layout_basic, nicolae_ecumenical_oubliette, basic_altar, minmay_puff
D:3:      layout_rooms, tgw_xom, serial_shops, nicolae_diamond_shop,
          uniq_jessica
D:4:      cheibrodos_barr_body, layout_loops_ring, lemuel_crystal_altar,
          minmay_temple_entry_statues_pillars, patterned_corridor, uniq_robin
D:5:      layout_cave_pods, serial_column_ruins, column_ruins_open_tiny,
          column_ruins_open_tiny_water, column_ruins_grid_1,
          column_ruins_grid_1, column_ruins_open_tiny, gammafunk_ghost_arena,
          grunt_ministairs_8
D:6:      layout_basic, serial_shops, kennysheep_little_box,
          lexackson_kobold_supper, uniq_prince_ribbit1, uniq_edmund
D:7:      layout_basic
D:8:      layout_loops_cross, minitemple, uniq_harold, uniq_psyche
D:9:      layout_small_grid, special_room [special_room_orc], serial_shops,
          nicolae_shop_crystal, minmay_unpleasant_kobolds

Skill      XL: |  1  2  3  4  5  6  7  8  9 10 |
---------------+-------------------------------+-----
Fighting       | 4 5 6 7 9 10 | 10.0
Axes           | 5 6 |  6.2
Maces & Flails | 1 2 3 5 7 8 |  8.0
Armour         | 1 2 3 5 6 7 |  7.8
Dodging        | 3 4 5 6 |  6.7
Stealth        | |  1.5

Action                   |  1- 3 |  4- 6 |  7- 9 | 10-12 || total
-------------------------+-------+-------+-------+-------++-------
Melee: Hand axe          |   138 |    29 |       |       ||   167
       Mace              |       |    61 |   143 |    68 ||   272
       Unarmed           |       |       |       |     2 ||     2
Throw: Dart              |       |     1 |       |       ||     1
Evoke: Wand              |       |       |       |     2 ||     2
  Use: Scroll            |     1 |     4 |     5 |     5 ||    15
       Potion            |       |       |     1 |     5 ||     6
 Stab: Sleeping          |     4 |     3 |     6 |       ||    13
       Distracted        |     1 |     1 |       |       ||     2
Armor: Robe              |    26 |       |       |       ||    26
       Troll leather arm |       |     7 |    24 |    14 ||    45
       Skin              |       |       |       |    85 ||    85
Dodge: Dodged            |    77 |    37 |    63 |    53 ||   230
Block: Other             |       |    22 |    28 |    23 ||    73
       Reflection        |       |     1 |     2 |     1 ||     4

Table legend: (Time is in decaauts)
 A = Elapsed time spent in this place.
 B = Non-inter-level travel time spent in this place.
 C = Inter-level travel time spent in this place.
 D = Time resting spent in this place.
 E = Time spent auto-exploring this place.
 F = Levels seen in this place.
 G = Mean time per level.
                   A        B        C        D        E       F      G
               +--------+--------+--------+--------+--------+-----+--------+
         Total |   7670 |   7120 |    550 |      0 |   5798 |   9 |  852.2 |
       Dungeon |   7670 |   7120 |    550 |      0 |   5798 |   9 |  852.2 |
               +--------+--------+--------+--------+--------+-----+--------+

Top non-repeatable levels by time:
     D:1: 1600 daAuts
     D:2: 1245 daAuts
     D:5: 949 daAuts
     D:8: 936 daAuts
     D:7: 808 daAuts
     D:4: 807 daAuts
     D:6: 703 daAuts
     D:3: 518 daAuts
     D:9: 100 daAuts
